 Dungeon Crawl Stone Soup version 0.18-a0-1396-g8753ca6 (webtiles) character file.

258477 RobertPalmer the Fencer (level 19, -9/230 HPs)
             Began as a Grey Draconian Chaos Knight on Feb 20, 2016.
             Mangled by a ghoul (37 damage)
             ... led by a death knight
             ... on level 1 of the Vaults on Feb 23, 2016.
             The game lasted 01:53:19 (37828 turns).

RobertPalmer the Fencer (DrCK)                     Turns: 37828, Time: 01:53:19

Health: -9/230     AC: 23    Str: 17    XL:     19   Next: 12%
Magic:  26/26      EV: 24    Int: 26    God:    Xom [..*...]
Gold:   3714       SH:  0    Dex: 17    Spells: 1 memorised, 19 levels left

rFire  + + +     SeeInvis +     a - +9 triple sword (holy)
rCold  + . .     Gourm    .     (armour unavailable)
rNeg   + . .     Faith    .     (shield currently unavailable)
rPois  +         Spirit   .     P - +1 hat
rElec  +         Dismiss  .     I - +1 cloak of the Equinox {*Drain rElec rN+ Regen+ Int+3}
rCorr  +         Reflect  .     L - +1 pair of gloves {archery}
rMut   +         Harm     .     n - +2 pair of boots {Stlth+}
SustAt .         Clarity  +     r - amulet of regeneration {+regen, !d}
MR     ++++.                    x - ring of the Mage {Wiz MR++ Int+3}
Stlth  +++.......               p - ring of see invisible {sInv, !d}

@: resistant, slowed, very slow, incredibly resistant to hostile enchantments,
fairly stealthy
A: walk through water, unfitting armour, claws 1, hooves 1, horns 2, agile 2,
clarity, clever 1, deterioration 1, fire resistance 2, magic resistance 1,
mutation resistance 3, sense surroundings 1, poison resistance, robust 3, strong
1, wild magic 1, unbreathing, cold-blooded, AC +15
a: Renounce Religion
}: 2/15 runes: barnacled, gossamer


You were on level 1 of the Vaults.
You worshipped Xom.
You were a toy of Xom.
You were not hungry.

You visited 6 branches of the dungeon, and saw 34 of its levels.
You also visited: Sewer and Ossuary.

You collected 4359 gold pieces.
You spent 645 gold pieces at shops.

Inventory:

Hand Weapons
 a - a +9 triple sword of holy wrath (weapon)
   (Xom gifted it to you on level 11 of the Dungeon)
 B - a +4 scimitar of flaming
   (You took it off an efreet on level 15 of the Dungeon)
Missiles
 s - 9 throwing nets {=f, !d}
Armour
 n - a +2 pair of boots of stealth (worn)
   (Xom gifted it to you on level 13 of the Dungeon)
 I - the +1 cloak of the Equinox (worn) {*Drain rElec rN+ Regen+ Int+3}
   (You found it on level 4 of the Shoals)

   It affects your intelligence (+3).
   It insulates you from electricity.
   It protects you from negative energy.
   It increases your rate of regeneration.
   It causes draining when unequipped.
 L - a +1 pair of gloves of archery (worn)
   (You acquired it on level 4 of the Lair of Beasts)
 P - a +1 hat (worn)
   (You found it on level 2 of the Spider Nest)
Jewellery
 p - a ring of see invisible (left hand) {sInv, !d}
   (You found it on level 1 of the Lair of Beasts)
 r - an amulet of regeneration (around neck) {+regen, !d}
   (You found it on level 3 of the Dungeon)
 t - an uncursed ring of protection from cold {rC+, !d}
   (You took it off a gnoll on level 8 of the Dungeon)
 x - the ring of the Mage (right hand) {Wiz MR++ Int+3}
   (Xom gifted it to you on level 6 of the Lair of Beasts)

   [ring of wizardry]

   It improves your spell success rate.
   It affects your intelligence (+3).
   It affects your resistance to hostile enchantments.
 F - an uncursed ring of protection from magic {MR+, !d}
   (You took it off a centaur on level 13 of the Dungeon)
 N - an uncursed amulet of the gourmand {Gourm, !d}
   (You found it on level 8 of the Dungeon)
 O - an uncursed amulet of magic regeneration
   (Xom gifted it to you on level 4 of the Lair of Beasts)
 S - an uncursed ring of sustain attributes
   (You found it on level 9 of the Dungeon)
Wands
 w - a wand of digging (5/24)
   (You found it on level 1 of the Spider Nest)
 E - a wand of digging (4/24)
   (You found it on level 5 of the Dungeon)
 Q - a wand of heal wounds (2/9)
   (Xom gifted it to you on level 1 of the Spider Nest)
Scrolls
 h - 7 scrolls of teleportation
 k - a scroll of amnesia
 l - 3 scrolls of enchant weapon
 o - 4 scrolls of recharging
 y - 6 scrolls of enchant armour
 D - 12 scrolls of remove curse
 M - 9 scrolls of identify
 T - 3 scrolls of blinking {!r}
 U - 3 scrolls of fog
 W - 3 scrolls of fear
 X - 2 scrolls of immolation {!r}
 Z - 3 scrolls of magic mapping {!r}
Potions
 c - a potion of mutation {!q}
 d - a potion of invisibility
 e - a potion of resistance
 f - 13 potions of curing
 m - 8 potions of brilliance
 q - 4 potions of cancellation
 u - 15 potions of flight
 v - a potion of magic
 A - 8 potions of haste
 C - 2 potions of ambrosia {!q}
 H - 5 potions of berserk rage {!q}
 J - 5 potions of lignification {!q}
 Y - a potion of cure mutation {!q}
Books
 R - a book of Annihilations
   (You found it on level 3 of the Lair of Beasts)
Miscellaneous
 K - a sack of spiders {used: 8}
   (You found it on level 3 of the Lair of Beasts)
Comestibles
 g - 13 meat rations {@e2}
 j - 34 fruits
 z - 19 bread rations {@e1}


   Skills:
 - Level 17.1 Fighting
 - Level 20.1 Long Blades
 + Level 15.0 Dodging
 - Level 4.9 Spellcasting
   Level 11.9 Translocations
 - Level 13.6 Earth Magic


You had 19 spell levels left.
You knew the following spells:

 Your Spells              Type           Power        Failure   Level  Hunger
a - Lehudib's Crystal Sp  Conj/Erth      ######....   100%        8    #######


Dungeon Overview and Level Annotations

Branches:
Dungeon (15/15)            Temple (0/1) D:5            Lair (8/8) D:9
 Shoals (4/4) Lair:5       Spider (4/4) Lair:6        Slime (0/6) Lair:6
    Orc (2/2) D:11            Elf (0/3) Orc:2        Vaults (1/5) D:13
 Depths: D:15

Altars:
Ashenzari
Kikubaaqudgha
Makhleb
Nemelex Xobeh
Okawaru
Ru
Trog
Xom
Yredelemnul
Zin
Beogh
Jiyva

Shops:
D:6 %   D:10 ?   D:15 ?   Orc:2 :?!(

Annotations:
Lair:4 exclusion: hydra


Innate Abilities, Weirdness & Mutations

You can walk through water.
Your dull iron-grey scales are very hard (AC +15).
Your body does not fit into most forms of armour.
You can survive without breathing.
You are cold-blooded and may be slowed by cold attacks.
You have sharp fingernails.
You have large cloven feet.
You have a pair of horns on your head.
You are very agile. (Dex +4)
You possess an exceptional clarity of mind.
Your mind is acute. (Int +2)
Your body sometimes deteriorates upon taking damage.
Your flesh is very heat resistant.
You are resistant to hostile enchantments.
You are almost entirely resistant to further mutation and mutation removal.
You passively map a small area around you.
Your system is resistant to poisons.
You are extremely robust (+30% HP).
Your muscles are strong. (Str +2)
Your spells are a little harder to cast, but a little more powerful.


Message History

The ghoul barely misses you. The ghoul closely misses you.
The ironbrand convoker casts a spell at the freezing wraith.
The freezing wraith seems to grow stronger.
The centaur warrior hits you!
You take 7 damage, and have 162/230 hp.
You slice the death knight!! Your headbutt misses the death knight.
Your tail-slap misses the death knight.
The centaur warrior completely misses you.
The ghoul completely misses you. The ghoul misses you.
The death knight closely misses you.
The ironbrand convoker casts a spell at the vault sentinel.
The vault sentinel seems to grow stronger.
The centaur warrior hits you.
You take 5 damage, and have 157/230 hp.
You closely miss the death knight. You headbutt the death knight!
You kill the death knight!
The ghoul claws you but does no damage. The ghoul completely misses you.
The centaur warrior misses you.
You slice the ironbrand convoker!!
You kill the ironbrand convoker!
Your Dodging skill increases to level 15!
The centaur warrior barely misses you. The ghoul closely misses you. x2
You slice the centaur warrior!! The centaur warrior closely misses you.
The freezing wraith closely misses you. The freezing wraith misses you.
The vault sentinel blows a loud note on a signal horn!
The ghoul barely misses you. The ghoul misses you.
The centaur warrior misses you.
You hear a shout!
You slash the centaur warrior!
You tail-slap the centaur warrior, but do no damage.
The freezing wraith hits you but does no damage. x2
The centaur warrior barely misses you. The ghoul claws you but does no damage.
The ghoul completely misses you.
The ironbrand convoker gestures at something while chanting.
You cut the centaur warrior into ribbons!!!
You kill the centaur warrior!
The freezing wraith completely misses you.
The freezing wraith closely misses you.
The yaktaur captain shoots a bolt.
The bolt hits you. The ghoul completely misses you. The ghoul misses you.
The vault sentinel unwields an uncursed morningstar.
The vault sentinel wields an arbalest.
The vault sentinel shoots a bolt.
The bolt completely misses you.
You take 3 damage, and have 158/230 hp.
The freezing wraith misses you. The freezing wraith barely misses you.
The ghoul claws you but does no damage. The ghoul closely misses you.
Items here: ( )) [ † an uncursed shortbow; 19 arrows; a whip of pain; a robe; a centaur corpse You regained 2 hp, and now have 160/230 hp.
Unknown command.
You slash the yaktaur captain!
You headbutt the yaktaur captain, but do no damage.
You tail-slap the yaktaur captain.
The yaktaur captain hits you but does no damage.
The vault sentinel blows a loud note on a signal horn!
The freezing wraith barely misses you. The freezing wraith misses you.
The ghoul barely misses you. The ghoul claws you but does no damage.
You hear a bark!
You slice the yaktaur captain!! You headbutt the yaktaur captain!
You tail-slap the yaktaur captain. The yaktaur captain closely misses you.
The freezing wraith closely misses you. The freezing wraith hits you.
The ghoul claws you but does no damage. x2
You slash the yaktaur captain!
The vault sentinel blows a loud note on a signal horn!
The freezing wraith completely misses you. x2
You hear a shout!
You open the yaktaur captain like a pillowcase!!!
You kill the yaktaur captain!
The ghoul claws you! The ghoul claws you!!
The ironbrand convoker closely misses you.
The vault sentinel blows a loud note on a signal horn!
The freezing wraith hits you! The freezing wraith freezes you!
The freezing wraith misses you.
You take 67 damage, and have 95/230 hp.
MASSIVE DAMAGE!!
The ghoul claws you! The ghoul claws you!!
The ironbrand convoker points at the ghoul and mumbles some strange words.
The ghoul seems to grow stronger.
The vault sentinel points at you and mumbles some strange words.
You resist with almost no effort.
You take 25 damage, and have 70/230 hp.
Read which item? (? for menu, Esc to quit)
Okay, then.
Here: a freezing wraith (unusually strong)
A bolt.
The floor, spattered with blood.
Drink which item? (? for menu, Esc to quit)
You feel protected. The ghoul closely misses you. The ghoul barely misses you.
The ironbrand convoker begins to recite a word of recall!
The freezing wraith hits you but does no damage.
The freezing wraith hits you.
* * * LOW HITPOINT WARNING * * *
The freezing wraith drains your vigour!
You feel yourself slow down.
You take 5 damage, and have 65/230 hp.
The ghoul claws you!!!
* * * LOW HITPOINT WARNING * * *
The ghoul claws you!!!
You die...
Xom is highly amused!

..............................(..
.(...............c...............
................Rn...............
..........(.....pp..............(
...################)#############
...# #....)†p..# ...# #....())..#
...# #..)Wpp...# ...# #(..@n....#
...# #.........# * ...#
#.........# ...#* * * #''########
...# , #... * , , #...* #.. ** ,
, .## * * , , * * ,


You could see a ghoul, 2 vault sentinels, an ironbrand convoker and a freezing
wraith.

Vanquished Creatures
  Nikola (Shoals:1)
  Asterion (Spider:2)
  A kraken (Shoals:2)
  Ilsuiw (Shoals:4)
  A ghost moth (shapeshifter) (D:14)
  Aizul (Spider:4)
  A vault warden (Vaults:1)
  5 emperor scorpions
  2 ghost moths (Spider:4)
  An ironheart preserver (Vaults:1)
  4 spark wasps
  4 merfolk javelineers
  9 merfolk impalers
  A fire dragon (Shoals:4)
  3 yaktaur captains (Vaults:1)
  A rakshasa (Vaults:1)
  3 entropy weavers
  2 hydras (Lair:8)
  A death knight (Vaults:1)
  3 ogre magi (Orc:2)
  7 centaur warriors
  5 merfolk avatars
  5 merfolk aquamancers
  An alligator snapping turtle (Shoals:4)
  2 dancing weapons (D:13)
  An orc high priest (Orc:2)
  Sonja (D:10)
  10 skeletal warriors
  A fire crab (Lair:7)
  8 sea snakes
  A deep elf archer (Vaults:1)
  5 unseen horrors
  A lindwurm (Lair:7)
  4 deep trolls (Vaults:1)
  12 hill giants
  Pikel (D:5)
  3 ironbrand convokers (Vaults:1)
  12 harpies
  22 manticores
  13 orb spiders
  5 orc knights
  A faun (Shoals:3)
  27 wolf spiders
  7 cyclopes
  5 orc sorcerers
  13 slime creatures
  16 ugly things
  13 griffons
  4 hornets
  A water nymph (Shoals:2)
  6 sirens
  2 moths of wrath
  3 centaur zombies
  9 black mambas
  20 elephants
  Joseph (D:7)
  3 torpor snails
  A vault sentinel (Vaults:1)
  4 centaur skeletons
  A gargoyle (D:10)
  20 spiny frogs
  A freezing wraith (Vaults:1)
  8 komodo dragons
  An efreet (D:15)
  3 yaktaurs (Vaults:1)
  A fire drake (Lair:8)
  13 demonic crawlers
  28 jumping spiders
  2 queen bees
  3 wind drakes
  24 merfolk
  A boulder beetle (Spider:1)
  39 blink frogs
  3 giant leeches (Lair:8)
  9 trolls
  4 polar bears
  8 snapping turtles
  11 two-headed ogres
  2 vampires
  3 shadows
  68 redbacks
  8 water elementals
  8 wyverns
  4 wraiths
  2 spriggans (Lair:6)
  57 yaks
  33 tarantellas
  7 basilisks
  3 hungry ghosts
  20 vampire mosquitoes
  13 hippogriffs
  A steam dragon (D:9)
  20 wolves
  A mottled dragon (D:12)
  3 wargs
  17 water moccasins
  A soldier ant (D:10)
  Duvessa (D:7)
  14 porcupines
  3 ice beasts
  19 orc warriors
  5 wasps
  3 black bears
  A sky beast (D:11)
  A phantom (D:10)
  A necrophage (D:10)
  3 slaves (D:5)
  An eye of draining (D:10)
  25 ogres
  12 centaurs
  17 crocodiles
  33 giant frogs
  A wyvern zombie (D:14)
  A wyvern skeleton (D:14)
  9 scorpions
  A water moccasin skeleton (D:8)
  14 killer bees
  3 wights (D:14)
  10 electric eels
  6 crimson imps
  3 giant frog zombies
  A lava snake (Lair:8)
  A quasit (D:6)
  5 jellies
  A gnoll shaman (D:8)
  6 hounds
  Crazy Yiuf (D:5)
  12 orc priests
  2 giant frog skeletons
  9 iguanas
  16 worker ants
  22 orc wizards
  A killer bee zombie (D:4)
  15 sheep
  A hound zombie (D:6)
  A hound skeleton (D:4)
  8 mummies (Ossuary)
  18 adders
  4 gnolls
  45 river rats
  4 shadow imps
  A giant eyeball (Orc:1)
  3 oozes (Sewer)
  4 worms
  6 giant geckos
  67 orcs
  14 bats
  9 giant cockroaches
  9 goblins
  6 hobgoblins
  24 jackals
  3 quokkas
  5 ball pythons
  5 giant newts
  A gnoll zombie (Ossuary)
  A goblin zombie (D:8)
  2 hobgoblin zombies (Ossuary)
  19 kobolds
  4 kobold zombies (Ossuary)
  An orc zombie (Ossuary)
  A quokka zombie (D:10)
  14 rats
  A rat zombie (D:8)
  A fungus (D:5)
  4 tentacles (Shoals:2)
1318 creatures vanquished.

Vanquished Creatures (collateral kills)
  The ghost of dalore the Protected, a journeyman MiBe of Trog (D:11)
  An ettin (Orc:2)
  An entropy weaver (Spider:4)
  A merfolk avatar (Shoals:4)
  A hill giant (D:7)
  A sea snake (Shoals:4)
  3 orb spiders
  A merfolk (Shoals:4)
  2 polar bears (Lair:5)
  6 two-headed ogres (Orc:2)
  2 blink frogs (Lair:3)
  A wind drake (Shoals:4)
  A snapping turtle (Shoals:4)
  A tarantella (Spider:4)
  6 yaks
  A redback (Spider:4)
  A hippogriff (Lair:3)
  A warg (Orc:2)
  2 water moccasins
  An orc warrior (Orc:2)
  11 ogres (Orc:2)
  Dowan (D:7)
  A giant frog zombie (D:7)
  A hound (D:6)
  A worker ant (D:7)
  Ijyb (D:3)
  A killer bee zombie (D:11)
  2 gnolls (D:8)
  11 river rats (Lair:5)
  4 orcs
  A plant (Shoals:4)
70 creatures vanquished.

Vanquished Creatures (others)
  An ogre mage (Orc:2)
  An orb spider (Spider:4)
  A siren (Shoals:4)
  2 ball lightnings (Orc:2)
  2 jumping spiders
  A merfolk (Shoals:1)
  5 redbacks
  An orc warrior (Orc:1)
  A sky beast (D:10)
  2 ogres (Orc:2)
  An orc priest (Orc:1)
  A worker ant (D:5)
  An orc (D:11)
  A quokka (D:7)
  A quokka skeleton (D:5)
  A fire vortex (Lair:8)
  19 fungi
  29 plants
  26 tentacles
  1619 tentacle segments
1716 creatures vanquished.

Grand Total: 3104 creatures vanquished

Notes
Turn   | Place    | Note
--------------------------------------------------------------
     0 | D:1      | RobertPalmer the Draconian Chaos Knight began the quest for the Orb.
     0 | D:1      | Reached XP level 1. HP: 19/19 MP: 1/1
    26 | D:1      | XOM: harmless Trmt miscast
   258 | D:1      | XOM: divination: magic mapping
   259 | D:1      | Reached XP level 2. HP: 23/26 MP: 2/2
   348 | D:1      | Reached skill level 4 in Long Blades
   489 | D:1      | Reached XP level 3. HP: 28/31 MP: 3/3
   832 | D:2      | XOM: cast spell 'Ice Form'
   907 | D:2      | XOM: cast spell 'Olgreb's Toxic Radiance'
  1114 | D:2      | Reached skill level 5 in Long Blades
  1114 | D:2      | Reached XP level 4. HP: 34/38 MP: 4/4
  1411 | D:2      | XOM: god gift: 31 gold pieces
  1775 | D:2      | XOM: 1-stop teleportation journey
  2010 | D:3      | Noticed Ijyb
  2017 | D:3      | XOM: summons 3 friendly demons
  2022 | D:3      | Killed Ijyb
  2064 | D:3      | Reached XP level 5. HP: 35/45 MP: 5/5
  2140 | D:3      | XOM: swap monsters
  2141 | D:3      | Gained mutation: Your body sometimes deteriorates upon taking damage. [potion of mutation]
  2141 | D:3      | Gained mutation: You have a pair of small horns on your head. [potion of mutation]
  2141 | D:3      | Gained mutation: You have large cloven feet. [potion of mutation]
  2266 | D:3      | Reached skill level 6 in Long Blades
  2405 | D:3      | XOM: medium Summ miscast
  2510 | D:3      | XOM: give mutations
  2510 | D:3      | Gained mutation: You are agile. (Dex +2) [Xom's grace]
  2510 | D:3      | Gained mutation: You have a pair of horns on your head. [Xom's grace]
  2510 | D:3      | Gained mutation: You are robust (+10% HP). [Xom's grace]
  2526 | D:3      | XOM: give mutations
  2526 | D:3      | Gained mutation: Your mind is acute. (Int +2) [Xom's grace]
  2526 | D:3      | Gained mutation: Your natural rate of healing is unusually fast. [Xom's grace]
  2526 | D:3      | Gained mutation: You have hoof-like feet. [Xom's grace]
  2526 | D:3      | Gained mutation: You have a pair of large horns on your head. [Xom's grace]
  2848 | D:4      | XOM: god gift: dagger {god gift}
  2894 | D:4      | XOM: 1-stop teleportation journey
  2964 | D:4      | XOM: 1-stop teleportation journey
  3000 | D:4      | XOM: god gift: twisted bone ring {god gift}
  3043 | D:4      | XOM: 7-stop teleportation journey
  3067 | D:4      | XOM: summons 3 friendly demons
  3100 | D:4      | XOM: vitrification
  3278 | D:4      | Found a glowing drain.
  3282 | D:4      | Reached XP level 6. HP: 56/56 MP: 6/6
  3287 | Sewer    | Entered a sewer
  3291 | Sewer    | XOM: god gift: 7 needles of confusion
  3340 | Sewer    | XOM: give mutations
  3340 | Sewer    | Gained mutation: Your flesh is heat resistant. [Xom's grace]
  3340 | Sewer    | Gained mutation: You can translocate small distances at will. [Xom's grace]
  3340 | Sewer    | Gained mutation: You possess an exceptional clarity of mind. [Xom's grace]
  3340 | Sewer    | Gained mutation: You are resistant to hostile enchantments. [Xom's grace]
  3377 | Sewer    | Noticed an ice beast
  3377 | Sewer    | a big kobold changed into an ice beast
  3377 | Sewer    | XOM: polymorph big kobold -> ice beast
  3383 | Sewer    | XOM: vitrification
  3445 | Sewer    | Reached skill level 7 in Long Blades
  3635 | Sewer    | XOM: scenery: create altars
  3868 | D:4      | XOM: fog
  3966 | D:4      | XOM: god gift: white potion
  4185 | D:4      | XOM: enchant monster (good)
  4295 | D:5      | Entered Level 5 of the Dungeon
  4297 | D:5      | XOM: god gift: 40 gold pieces
  4384 | D:5      | Reached skill level 8 in Long Blades
  4384 | D:5      | Reached XP level 7. HP: 60/62 MP: 7/7
  4384 | D:5      | Your scales start taking on a dull iron-grey colour.
  4384 | D:5      | Gained mutation: You can survive without breathing. [Grey Draconian growth]
  4460 | D:5      | Noticed Pikel
  4465 | D:5      | XOM: cast spell 'Confusing Touch'
  4478 | D:5      | XOM: fog
  4506 | D:5      | XOM: 2-stop teleportation journey
  4515 | D:5      | Killed Pikel
  4515 | D:5      | Reached skill level 9 in Long Blades
  4515 | D:5      | Reached XP level 8. HP: 69/69 MP: 8/8
  4629 | D:5      | XOM: vitrification
  4778 | D:5      | Reached skill level 10 in Long Blades
  4809 | D:5      | Noticed Crazy Yiuf
  4829 | D:5      | Killed Crazy Yiuf
  4967 | D:5      | Found a staircase to the Ecumenical Temple.
  5078 | D:6      | Found Lykeg's Food Shop.
  5121 | D:6      | XOM: potion effect (berserk rage)
  5164 | D:6      | Reached skill level 11 in Long Blades
  5325 | D:6      | Found a shattered altar of Ashenzari.
  5331 | D:6      | Found an iron altar of Okawaru.
  5443 | D:6      | XOM: polymorph centaur -> wasp
  5448 | D:6      | XOM: swap monsters
  5487 | D:6      | XOM: scenery: create altars
  5515 | D:6      | XOM: vitrification
  5523 | D:6      | XOM: 2-stop teleportation journey
  5641 | D:7      | Noticed a hill giant
  5655 | D:7      | XOM: summons 2 friendly demons
  5666 | D:7      | Killed a hill giant
  5699 | D:7      | Reached skill level 12 in Long Blades
  5699 | D:7      | Reached XP level 9. HP: 51/77 MP: 9/9
  5721 | D:7      | XOM: give mutations
  5721 | D:7      | Gained mutation: You are very agile. (Dex +4) [Xom's grace]
  5721 | D:7      | Gained mutation: You have sharp fingernails. [Xom's grace]
  5721 | D:7      | Gained mutation: Your tail ends in a poisonous barb. [Xom's grace]
  5761 | D:7      | XOM: enchant monster (good)
  5870 | D:7      | Found a bloodstained altar of Trog.
  5887 | D:7      | XOM: give mutations
  5887 | D:7      | Gained mutation: Your system is resistant to poisons. [Xom's grace]
  5887 | D:7      | Gained mutation: You are somewhat resistant to further mutation. [Xom's grace]
  5936 | D:7      | Reached skill level 3 in Dodging
  5939 | D:7      | Noticed Dowan
  5940 | D:7      | Noticed Duvessa
  5940 | D:7      | XOM: summons 5 friendly demons
  5953 | D:7      | Killed Dowan
  5953 | D:7      | Reached skill level 4 in Dodging
  5960 | D:7      | Killed Duvessa
  6028 | D:7      | Reached skill level 5 in Dodging
  6168 | D:7      | Noticed a queen bee
  6168 | D:7      | a spriggan baker changed into a queen bee
  6168 | D:7      | XOM: polymorph spriggan baker -> queen bee
  6172 | D:7      | XOM: god gift: scroll labeled XEAFUPLOFU
  6181 | D:7      | Killed a queen bee
  6181 | D:7      | Reached skill level 6 in Dodging
  6413 | D:7      | XOM: summons 2 hostile demons
  6414 | D:7      | Noticed a sixfirhy
  6562 | D:7      | Noticed Joseph
  6598 | D:8      | Reached skill level 7 in Dodging
  6678 | D:8      | XOM: 3-stop teleportation journey
  6726 | D:8      | Reached XP level 10. HP: 84/84 MP: 10/10
  6736 | D:8      | Found a sand-covered staircase.
  6753 | Ossuary  | Entered an ossuary
  6775 | Ossuary  | XOM: enchant monster (bad)
  6785 | Ossuary  | XOM: noise
  6993 | D:8      | XOM: summons 5 hostile demons
  6997 | D:8      | XOM: enchant monster (good)
  7007 | D:8      | XOM: smoke on damage
  7061 | D:7      | XOM: potion effect (berserk rage)
  7064 | D:7      | XOM: harmless Necr miscast
  7065 | D:7      | Killed Joseph
  7065 | D:7      | Reached skill level 8 in Dodging
  7094 | D:7      | XOM: harmless Tloc miscast
  7317 | D:8      | Noticed a hill giant
  7376 | D:8      | XOM: potion effect (haste)
  7386 | D:8      | XOM: chaos upgrade
  7390 | D:8      | XOM: enchant monster (bad)
  7446 | D:8      | XOM: summons 5 hostile demons
  7449 | D:8      | XOM: harmless Necr miscast
  7467 | D:8      | XOM: polymorph quasit -> ufetubus
  7486 | D:8      | XOM: blink monster(s)
  7694 | D:8      | Reached skill level 9 in Dodging
  7716 | D:8      | XOM: noise
  7838 | D:8      | Reached skill level 4 in Fighting
  7865 | D:8      | Reached skill level 5 in Fighting
  7894 | D:8      | XOM: summons 5 hostile shadow creatures
  7895 | D:8      | Noticed a hill giant
  8010 | D:8      | XOM: potion effect (berserk rage)
  8015 | D:8      | Reached skill level 6 in Fighting
  8227 | D:9      | XOM: enchant monster (good)
  8230 | D:9      | XOM: enchant monster (bad)
  8231 | D:9      | XOM: harmless Erth miscast
  8269 | D:9      | Found an iron altar of Okawaru.
  8300 | D:9      | XOM: give mutations
  8300 | D:9      | Gained mutation: You are very robust (+20% HP). [Xom's grace]
  8300 | D:9      | Gained mutation: You passively map a small area around you. [Xom's grace]
  8347 | D:9      | Reached skill level 7 in Fighting
  8347 | D:9      | XOM: polymorph orc -> gnoll
  8409 | D:9      | XOM: harmless Erth miscast
  8413 | D:9      | XOM: swap monsters
  8434 | D:9      | Reached skill level 8 in Fighting
  8511 | D:9      | XOM: scenery: 1 doors open
  8520 | D:9      | XOM: god gift: quarterstaff {god gift}
  8521 | D:9      | Found a staircase to the Lair.
  8562 | D:9      | XOM: vitrification
  8982 | D:10     | Entered Level 10 of the Dungeon
  8982 | D:10     | Noticed a centaur warrior
  8996 | D:10     | Killed a centaur warrior
  8996 | D:10     | Reached skill level 9 in Fighting
  8996 | D:10     | Reached XP level 11. HP: 79/116 MP: 11/11
  9034 | D:10     | XOM: enchant monster (good)
  9075 | D:10     | XOM: god gift: scroll of noise
  9136 | D:10     | Noticed Sonja
  9137 | D:10     | XOM: potion effect (might)
  9161 | D:10     | Killed Sonja
  9188 | D:10     | XOM: enchant monster (bad)
  9222 | D:10     | XOM: vitrification
  9267 | D:10     | XOM: polymorph orc -> giant gecko
  9349 | D:10     | Reached skill level 10 in Dodging
  9537 | D:10     | Found Jaomn's Magic Scroll Shop.
  9542 | D:10     | Bought 3 scrolls of identify for 78 gold pieces
  9542 | D:10     | Bought a scroll of teleportation for 39 gold pieces
  9542 | D:10     | Bought a scroll of teleportation for 39 gold pieces
  9835 | D:10     | XOM: confuse monster(s)
 10110 | D:10     | XOM: divination: detect creatures
 10205 | Lair:1   | Entered Level 1 of the Lair of Beasts
 10209 | Lair:1   | XOM: summons friendly iron imp
 10233 | Lair:1   | XOM: butterfly on damage
 10249 | D:9      | XOM: summons 11 friendly demons
 10253 | D:9      | XOM: mild Conj miscast
 10339 | D:9      | XOM: give mutation
 10339 | D:9      | Gained mutation: You are somewhat resistant to both further mutation and mutation removal. [Xom's grace]
 10349 | D:9      | XOM: silly message
 10540 | Lair:1   | Found a sacrificial altar of Ru.
 10565 | Lair:1   | XOM: butterfly on damage
 10580 | Lair:1   | XOM: vitrification
 10867 | D:11     | XOM: smoke on damage
 10903 | D:11     | Found a staircase to the Orcish Mines.
 10909 | D:11     | XOM: confuse monster(s)
 10914 | D:11     | Found a roughly hewn altar of Beogh.
 10922 | D:11     | Reached skill level 11 in Dodging
 11079 | Orc:1    | Entered Level 1 of the Orcish Mines
 11136 | Orc:1    | Noticed an orc sorcerer
 11136 | Orc:1    | Noticed an orc knight
 11138 | Orc:1    | Noticed a sun demon
 11141 | Orc:1    | Noticed a soul eater
 11141 | Orc:1    | XOM: divine lightning
 11142 | Orc:1    | XOM: 4-stop teleportation journey
 11325 | Orc:2    | Entered Level 2 of the Orcish Mines
 11336 | Orc:2    | XOM: summons friendly rust devil
 11399 | Orc:2    | XOM: harmless Tloc miscast
 11615 | Orc:2    | Noticed an ettin
 11624 | Orc:2    | XOM: enchant monster (good)
 11633 | Orc:2    | XOM: cast spell 'Summon Dragon'
 11636 | Orc:2    | Killed an ettin
 11668 | Orc:2    | Noticed an ogre mage
 11668 | Orc:2    | Noticed an ogre mage
 11710 | Orc:2    | Reached skill level 12 in Dodging
 11739 | Orc:2    | Noticed an ogre mage
 11742 | Orc:2    | XOM: cast spell 'Summon Butterflies'
 11760 | Orc:2    | Reached XP level 12. HP: 123/123 MP: 12/12
 11763 | Orc:2    | Killed an ogre mage
 11770 | Orc:2    | XOM: enchant monster (good)
 11771 | Orc:2    | Killed an ogre mage
 11796 | Orc:2    | XOM: chaos upgrade
 11797 | Orc:2    | XOM: harmless Necr miscast
 11825 | Orc:2    | XOM: blink monster(s)
 11838 | Orc:2    | HP: 28/126 [something (6)]
 12114 | Orc:2    | Killed an ogre mage
 12114 | Orc:2    | Reached skill level 10 in Fighting
 12122 | Orc:2    | Found a runed door.
 12201 | Orc:2    | Noticed an ogre mage
 12201 | Orc:2    | XOM: mild Trmt miscast
 12216 | Orc:2    | XOM: mild Necr miscast
 12219 | Orc:2    | XOM: cast spell 'Conjure Ball Lightning'
 12220 | Orc:2    | Killed an ogre mage
 12231 | Orc:2    | Found Ceuwysiw's Magic Scroll Emporium.
 12231 | Orc:2    | Found Fyluil's Antique Weapon Shop.
 12232 | Orc:2    | Found Feadugh's Book Boutique.
 12232 | Orc:2    | Found Lekier's Distillery.
 12240 | Orc:2    | Bought a scroll of identify for 36 gold pieces
 12240 | Orc:2    | Bought a scroll of identify for 36 gold pieces
 12240 | Orc:2    | Bought a scroll of identify for 36 gold pieces
 12299 | Orc:2    | XOM: summons 4 hostile demons
 12535 | Orc:2    | XOM: harmless Divn miscast
 12604 | Orc:2    | Found a staircase to the Elven Halls.
 12642 | Orc:2    | XOM: colour smoke trail
 12690 | Orc:2    | XOM: blink monster(s)
 12957 | D:11     | Noticed dalore's ghost (journeyman MiBe)
 13007 | D:11     | XOM: summons 3 friendly demons
 13010 | D:11     | XOM: divine lightning
 13026 | D:11     | XOM: destruction
 13072 | D:11     | XOM: summons 12 friendly demons
 13081 | D:11     | Killed dalore's ghost
 13081 | D:11     | Reached skill level 11 in Fighting
 13082 | D:11     | HP: 28/131 [orc priest/divine providence (9)]
 13392 | D:11     | XOM: fog
 13509 | D:11     | XOM: god gift: glowing triple sword {god gift}
 13635 | D:11     | XOM: scenery: 1 doors close
 13810 | D:10     | XOM: god gift: glowing centaur barding {god gift}
 13930 | Lair:1   | XOM: fog
 13938 | Lair:1   | XOM: summons 12 friendly demons
 13992 | Lair:1   | Reached skill level 13 in Long Blades
 14156 | Lair:1   | XOM: potion effect (berserk rage)
 14166 | Lair:1   | XOM: enchant monster (good)
 14346 | Lair:2   | XOM: harmless Fire miscast
 14348 | Lair:2   | Reached XP level 13. HP: 127/139 MP: 13/13
 14411 | Lair:2   | XOM: noise
 14704 | Lair:2   | Reached skill level 14 in Long Blades
 14705 | Lair:2   | XOM: give mutation
 14705 | Lair:2   | Lost mutation: You have hoof-like feet. [Xom's mischief]
 14725 | Lair:2   | XOM: harmless Trmt miscast
 14892 | Lair:2   | XOM: confuse monster(s)
 14893 | Lair:2   | XOM: medium Erth miscast
 14972 | Lair:2   | XOM: silly message
 15090 | Lair:2   | XOM: polymorph river rat -> sheep
 15541 | Lair:3   | XOM: potion effect (brilliance)
 15674 | Lair:3   | XOM: silly message
 15686 | Lair:3   | XOM: summons 4 friendly demons
 15726 | Lair:3   | XOM: enchant monster (good)
 15816 | Lair:3   | XOM: 1-stop teleportation journey
 15877 | Lair:3   | Reached skill level 15 in Long Blades
 15991 | Lair:3   | XOM: mild Ice miscast
 16447 | Lair:3   | XOM: harmless Ice miscast
 16560 | Lair:4   | XOM: god gift: glowing platinum amulet {god gift}
 16562 | Lair:4   | Identified a scroll of acquirement
 16904 | Lair:5   | XOM: noise
 16908 | Lair:5   | XOM: summons friendly shadow imp
 17190 | Lair:5   | Reached skill level 16 in Long Blades
 17209 | Lair:5   | XOM: god gift: bread ration
 17331 | Lair:5   | Found a staircase to the Shoals.
 17396 | Lair:5   | XOM: potion effect (brilliance)
 17827 | Lair:6   | Found a hole to the Spider Nest.
 17862 | Lair:6   | XOM: enchant monster (good)
 17955 | Lair:6   | XOM: god gift: 12 silver bolts
 17998 | Lair:6   | XOM: fog
 18035 | Lair:6   | XOM: god gift: ring of the Mage {Wiz MR++ Int+3}
 18038 | Lair:6   | Reached XP level 14. HP: 137/149 MP: 14/14
 18073 | Lair:6   | Found a burning altar of Makhleb.
 18120 | Lair:6   | XOM: harmless Conj miscast
 18150 | Lair:6   | Found a viscous altar of Jiyva.
 18154 | Lair:6   | Found a staircase to the Slime Pits.
 18188 | Lair:6   | XOM: divination: detect creatures
 18207 | Lair:6   | Got a smoking turquoise ring
 18670 | Lair:7   | XOM: harmless Tloc miscast
 18674 | Lair:7   | XOM: silly message
 18675 | Lair:7   | XOM: divination: magic mapping
 18683 | Lair:7   | Reached skill level 17 in Long Blades
 18691 | Lair:7   | XOM: potion effect (invisibility)
 18884 | Lair:7   | XOM: potion effect (curing)
 18893 | Lair:7   | XOM: potion effect (experience)
 18893 | Lair:7   | Reached skill level 13 in Fighting
 18893 | Lair:7   | Reached XP level 15. HP: 158/163 MP: 15/15
 18902 | Lair:7   | XOM: harmless Air miscast
 18916 | Lair:7   | XOM: potion effect (berserk rage)
 18958 | Lair:7   | XOM: harmless Air miscast
 19047 | Lair:7   | XOM: harmless Divn miscast
 19176 | Lair:7   | XOM: harmless Tloc miscast
 19413 | Lair:7   | XOM: harmless Ice miscast
 19491 | Lair:8   | Entered Level 8 of the Lair of Beasts
 19519 | Lair:8   | XOM: mild Trmt miscast
 19580 | Lair:8   | Reached skill level 18 in Long Blades
 19653 | Lair:8   | XOM: harmless Ice miscast
 19719 | Lair:8   | XOM: potion effect (invisibility)
 19868 | Lair:8   | XOM: cast spell 'Ice Form'
 19965 | Lair:8   | XOM: colour smoke trail
 19987 | Lair:8   | XOM: blink monster(s)
 20036 | Lair:7   | XOM: divination: detect creatures
 20394 | D:12     | Found a sparkling altar of Nemelex Xobeh.
 20419 | D:12     | XOM: potion effect (invisibility)
 20518 | D:12     | XOM: silly message
 20531 | D:12     | XOM: summons friendly shadow imp
 20558 | D:12     | XOM: mild Tloc miscast
 20589 | D:12     | XOM: cast spell 'Leda's Liquefaction'
 20614 | D:12     | XOM: confuse monster(s)
 20615 | D:12     | XOM: 1-stop teleportation journey
 20818 | D:12     | XOM: 1-stop teleportation journey
 20870 | D:12     | XOM: god gift: knobbly jewelled rod {god gift}
 20895 | D:12     | Identified a +6 iron rod (14/14) (Xom gifted it to you on level 12 of the Dungeon)
 20958 | D:12     | XOM: medium Divn miscast
 20961 | D:12     | XOM: polymorph yak -> something unseen
 21447 | D:13     | XOM: summons 2 hostile demons
 21448 | D:13     | Reached skill level 19 in Long Blades
 21515 | D:13     | Identified the ring of Legumi {rC++ MP+9 Slay-3} (You found it on level 6 of the Lair of Beasts)
 21519 | D:13     | Found a gate to the Vaults.
 21523 | D:13     | XOM: give mutations
 21523 | D:13     | Lost mutation: You have sharp fingernails. [Xom's mischief]
 21523 | D:13     | Lost mutation: Your natural rate of healing is unusually fast. [Xom's mischief]
 21524 | D:13     | XOM: destruction
 21537 | D:13     | XOM: noise
 21548 | D:13     | XOM: god gift: pair of runed boots {god gift}
 21550 | D:13     | XOM: summons 5 friendly demons
 21712 | D:13     | XOM: vitrification
 22150 | D:14     | XOM: noise
 22183 | D:14     | XOM: cast spell 'Disjunction'
 22197 | D:14     | XOM: fog
 22211 | D:14     | XOM: god gift: weird jewelled rod {god gift}
 22228 | D:14     | Identified a +2 lightning rod (11/11) (Xom gifted it to you on level 14 of the Dungeon)
 22253 | D:14     | Found an ancient bone altar of Kikubaaqudgha.
 22348 | D:14     | XOM: swap monsters
 22355 | D:14     | Reached XP level 16. HP: 96/172 MP: 16/16
 22434 | D:14     | XOM: 1-stop teleportation journey
 22537 | D:14     | Gained mutation: Your large and strong wings let you fly indefinitely. [potion of beneficial mutation]
 22566 | D:14     | XOM: vitrification
 22893 | D:14     | XOM: god gift: crude cloak {god gift}
 22894 | D:14     | Got a crude cloak {god gift}
 22912 | D:14     | Identified the +2 cloak of the Pit {rPois Str-3 Int+4 Dex+5} (Xom gifted it to you on level 14 of the Dungeon)
 22956 | D:14     | XOM: enchant monster (good)
 22982 | D:14     | XOM: polymorph eight-headed hydra -> catoblepas
 23159 | D:14     | Reached skill level 14 in Fighting
 23220 | D:15     | Entered Level 15 of the Dungeon
 23340 | D:15     | XOM is BORED!
 23340 | D:15     | XOM: stat loss: -3 Str (6/12)
 23535 | D:15     | XOM: medium Ice miscast
 23552 | D:15     | XOM: noise
 23638 | D:15     | XOM: summons 8 hostile demons
 23723 | D:15     | Found Nauschiu's Magic Scroll Boutique.
 23727 | D:15     | Found a basalt altar of Yredelemnul.
 23754 | D:15     | Bought a scroll of identify for 22 gold pieces
 23754 | D:15     | Bought a scroll of teleportation for 33 gold pieces
 23754 | D:15     | Bought a scroll of identify for 22 gold pieces
 23754 | D:15     | Bought a scroll of identify for 22 gold pieces
 23754 | D:15     | Bought a scroll of identify for 22 gold pieces
 23782 | D:14     | XOM: summons 5 hostile shadow creatures
 23816 | D:14     | XOM: confuse monster(s)
 24007 | Lair:8   | XOM: mild Tloc miscast
 24008 | Lair:8   | XOM: noise
 24017 | Lair:8   | XOM: mild Summ miscast
 24023 | Lair:8   | XOM: repel stairs
 24027 | Lair:8   | Reached skill level 15 in Fighting
 24101 | Lair:8   | XOM: mild Chrm miscast
 24441 | Lair:8   | XOM: give mutations
 24441 | Lair:8   | Lost mutation: Your large and strong wings let you fly indefinitely. [Xom's mischief]
 24441 | Lair:8   | Lost mutation: You have a pair of large horns on your head. [Xom's mischief]
 24441 | Lair:8   | Lost mutation: You have a pair of horns on your head. [Xom's mischief]
 24441 | Lair:8   | Lost mutation: Your tail ends in a poisonous barb. [Xom's mischief]
 24459 | Lair:8   | XOM: colour smoke trail
 24520 | Lair:8   | XOM: chaos cloud
 24539 | Lair:8   | XOM: repel stairs
 24546 | Lair:8   | Reached skill level 13 in Dodging
 24763 | Lair:8   | XOM: noise
 24843 | Shoals:1 | Entered Level 1 of the Shoals
 24959 | Shoals:1 | XOM: chaos cloud
 24988 | Shoals:1 | HP: 44/178 [merfolk/trident (2)]
 24991 | Shoals:1 | XOM: noise
 25038 | Shoals:1 | Noticed Nikola
 25046 | Shoals:1 | XOM: 4-stop teleportation journey
 25055 | Shoals:1 | XOM: divination: detect items
 25066 | Shoals:1 | Killed Nikola
 25066 | Shoals:1 | Reached skill level 14 in Dodging
 25079 | Shoals:1 | XOM: summons friendly iron imp
 25139 | Shoals:1 | Noticed a kraken
 25149 | Shoals:1 | HP: 43/178 [kraken (30)]
 25152 | Shoals:1 | XOM: confuse monster(s)
 25210 | Shoals:1 | XOM: confuse monster(s)
 25384 | Shoals:1 | XOM: 1-stop teleportation journey
 25388 | Shoals:1 | Upgraded the game from 0.18-a0-1361-g9293dd1 to 0.18-a0-1372-gd644665
 25651 | Shoals:2 | Reached skill level 1 in Translocations
 25735 | Shoals:2 | Reached skill level 2 in Translocations
 25751 | Shoals:2 | Noticed a kraken
 25752 | Shoals:2 | XOM: 3-stop teleportation journey
 25887 | Shoals:2 | Reached skill level 3 in Translocations
 25962 | Shoals:2 | XOM: summons friendly ufetubus
 26042 | Shoals:2 | Noticed a kraken
 26047 | Shoals:2 | XOM: enchant monster (bad)
 26083 | Shoals:2 | Killed a kraken
 26083 | Shoals:2 | Reached skill level 4 in Translocations
 26105 | Shoals:2 | Found a glowing silver altar of Zin.
 26118 | Shoals:2 | XOM: silly message
 26271 | Shoals:2 | XOM: polymorph merfolk impaler -> ettin
 26281 | Shoals:2 | HP: 17/178 [ettin (34)]
 26283 | Shoals:2 | XOM: confuse monster(s)
 26316 | Shoals:2 | XOM: potion effect (might)
 26322 | Shoals:2 | HP: 22/178 [ettin (30)]
 26333 | Shoals:2 | XOM: polymorph ettin -> spark wasp
 26637 | Shoals:2 | Reached skill level 5 in Translocations
 26762 | Shoals:2 | XOM: cast spell 'Summon Small Mammal'
 26774 | Shoals:2 | XOM: confuse monster(s)
 26909 | Shoals:3 | Reached skill level 6 in Translocations
 26959 | Shoals:3 | Reached skill level 7 in Translocations
 26961 | Shoals:3 | XOM: summons friendly white imp
 26986 | Shoals:3 | Reached XP level 17. HP: 101/187 MP: 17/17
 26990 | Shoals:3 | Reached skill level 8 in Translocations
 27011 | Shoals:3 | XOM: destruction
 27019 | Shoals:3 | XOM: cast spell 'Summon Horrible Things'
 27178 | Shoals:3 | XOM: enchant monster (good)
 27198 | Shoals:2 | XOM: god gift: 28 gold pieces
 27199 | Shoals:2 | Reached skill level 9 in Translocations
 27278 | Shoals:1 | XOM: 9-stop teleportation journey
 27287 | Shoals:1 | XOM: colour smoke trail
 27408 | D:11     | XOM: give mutations
 27408 | D:11     | Gained mutation: You are extremely robust (+30% HP). [Xom's grace]
 27408 | D:11     | Gained mutation: Your mind is very acute. (Int +4) [Xom's grace]
 27408 | D:11     | Gained mutation: You have sharp fingernails. [Xom's grace]
 27436 | Orc:1    | XOM: polymorph orc warrior -> giant eyeball
 27445 | Orc:1    | XOM: harmless Summ miscast
 27480 | Orc:1    | Reached skill level 10 in Translocations
 27504 | Orc:1    | XOM: silly message
 27644 | Orc:1    | XOM: colour smoke trail
 27786 | Orc:1    | XOM: mild Erth miscast
 27995 | Orc:2    | Found a roughly hewn altar of Beogh.
 28038 | Orc:2    | XOM: colour smoke trail
 28090 | Orc:2    | Bought a potion of heal wounds for 65 gold pieces
 28090 | Orc:2    | Bought a potion of heal wounds for 65 gold pieces
 28090 | Orc:2    | Bought a potion of heal wounds for 65 gold pieces
 28090 | Orc:2    | Bought a potion of heal wounds for 65 gold pieces
 28092 | Orc:2    | Upgraded the game from 0.18-a0-1372-gd644665 to 0.18-a0-1390-gc02854d
 28139 | Orc:2    | Reached skill level 11 in Translocations
 28322 | Spider:1 | Entered Level 1 of the Spider Nest
 28328 | Spider:1 | XOM: fake destruction
 28429 | Spider:1 | XOM: blink monster(s)
 28447 | Spider:1 | XOM: give mutations
 28447 | Spider:1 | Gained mutation: You have a pair of horns on your head. [Xom's grace]
 28447 | Spider:1 | Gained mutation: Your spells are a little harder to cast, but a little more powerful. [Xom's grace]
 28447 | Spider:1 | Gained mutation: Your muscles are strong. (Str +2) [Xom's grace]
 28699 | Spider:1 | XOM: enchant monster (good)
 28703 | Spider:1 | Reached skill level 1 in Spellcasting
 28732 | Spider:1 | XOM: fog
 28796 | Spider:1 | XOM: divination: detect creatures
 28808 | Spider:1 | Reached skill level 2 in Spellcasting
 28823 | Spider:1 | XOM: confuse monster(s)
 28895 | Spider:1 | Reached skill level 3 in Spellcasting
 28956 | Spider:1 | XOM: give mutation
 28956 | Spider:1 | Gained mutation: Your flesh is very heat resistant. [Xom's grace]
 29031 | Spider:1 | XOM: summons friendly quasit
 29069 | Spider:1 | Reached skill level 4 in Spellcasting
 29094 | Spider:1 | XOM: enchant monster (good)
 29108 | Spider:1 | XOM: swap monsters
 29116 | Spider:1 | XOM: swap monsters
 29126 | Spider:1 | HP: 12/202 [disintegration (52)]
 29133 | Spider:1 | HP: 44/202 [tarantella (12)]
 29134 | Spider:1 | XOM: potion effect (might)
 29137 | Spider:1 | HP: 11/202 [moth of wrath (16)]
 29152 | Spider:1 | XOM: polymorph larval oxshock beast -> wasp
 29339 | Spider:1 | Upgraded the game from 0.18-a0-1390-gc02854d to 0.18-a0-1396-g8753ca6
 29414 | Spider:1 | XOM: enchant monster (good)
 29539 | Spider:1 | XOM: god gift: crooked iron wand {god gift}
 29749 | Spider:2 | XOM: torment (102/202 hp)
 29929 | Spider:2 | XOM: enchant monster (bad)
 29933 | Spider:2 | XOM: noise
 29947 | Spider:2 | XOM: blink monster(s)
 29997 | Spider:2 | Noticed Asterion
 30076 | Spider:2 | Learned a level 8 spell: Lehudib's Crystal Spear
 30211 | Spider:2 | XOM: harmless Pois miscast
 30367 | Spider:2 | Reached skill level 1 in Earth Magic
 30367 | Spider:2 | XOM: harmless Trmt miscast
 30370 | Spider:2 | XOM: summons 2 hostile demons
 30374 | Spider:2 | XOM: medium Erth miscast
 30396 | Spider:2 | Reached skill level 2 in Earth Magic
 30417 | Spider:2 | XOM: colour smoke trail
 30595 | Spider:2 | Killed Asterion
 30595 | Spider:2 | Reached skill level 3 in Earth Magic
 30671 | Spider:2 | XOM: summons 2 hostile demons
 30774 | Spider:2 | Reached skill level 4 in Earth Magic
 30922 | Spider:3 | XOM: medium Fire miscast
 31070 | Spider:3 | XOM: god gift: 11 gold pieces
 31112 | Spider:3 | Reached skill level 5 in Earth Magic
 31162 | Spider:3 | XOM: colour smoke trail
 31254 | Spider:3 | Reached skill level 6 in Earth Magic
 31343 | Spider:3 | XOM: summons 8 friendly demons
 31421 | Spider:3 | Reached skill level 7 in Earth Magic
 31423 | Spider:3 | XOM: silly message
 31427 | Spider:3 | XOM: summons 7 friendly demons
 31571 | Spider:3 | XOM: divination: detect creatures
 31595 | Spider:3 | XOM: swap monsters
 31825 | Spider:3 | XOM: noise
 31915 | Spider:4 | Entered Level 4 of the Spider Nest
 31915 | Spider:4 | XOM: enchant monster (good)
 31918 | Spider:4 | Reached skill level 8 in Earth Magic
 31992 | Spider:4 | XOM: colour smoke trail
 32072 | Spider:4 | XOM: summons friendly white imp
 32220 | Spider:4 | Noticed Aizul
 32251 | Spider:4 | Killed Aizul
 32251 | Spider:4 | Reached skill level 9 in Earth Magic
 32502 | Spider:4 | XOM: destruction
 32518 | Spider:4 | XOM: enchant monster (good)
 32521 | Spider:4 | Reached XP level 18. HP: 150/214 MP: 25/25
 32620 | Spider:4 | XOM: divination: magic mapping
 32627 | Spider:4 | XOM: give mutation
 32627 | Spider:4 | Gained mutation: You are almost entirely resistant to further mutation and mutation removal. [Xom's grace]
 32840 | Spider:4 | Reached skill level 10 in Earth Magic
 32870 | Spider:4 | XOM: fake destruction
 32942 | Spider:4 | XOM: enchant monster (good)
 32947 | Spider:4 | XOM: divination: detect creatures
 32952 | Spider:4 | XOM: divine lightning
 32954 | Spider:4 | HP: 47/214 [entropy weaver (12)]
 32964 | Spider:4 | HP: 12/214 [disintegration (46)]
 32969 | Spider:4 | HP: 30/214 [poisoned by a redback]
 32974 | Spider:4 | HP: 30/214 [poisoned by a redback]
 32980 | Spider:4 | HP: 31/214 [poisoned by a redback]
 32987 | Spider:4 | HP: 33/214 [poisoned by a redback]
 33005 | Spider:4 | HP: 31/214 [disintegration (27)]
 33014 | Spider:4 | HP: 30/214 [tarantella (8)]
 33031 | Spider:4 | XOM: swap monsters
 33039 | Spider:4 | XOM: noise
 33039 | Spider:4 | HP: 42/214 [wolf spider (8)]
 33044 | Spider:4 | HP: 40/214 [wolf spider (6)]
 33058 | Spider:4 | HP: 48/214 [wolf spider (4)]
 33291 | Spider:4 | XOM: summons friendly hellwing
 33296 | Spider:4 | XOM: mild Hex miscast
 33594 | Spider:4 | Reached skill level 11 in Earth Magic
 33596 | Spider:4 | XOM: noise
 33602 | Spider:4 | XOM: mild Chrm miscast
 33609 | Spider:4 | HP: 43/214 [spark wasp (14)]
 33614 | Spider:4 | HP: 30/214 [poisoned by a hornet]
 33623 | Spider:4 | HP: 33/214 [poisoned by a hornet]
 33629 | Spider:4 | HP: 35/214 [poisoned by a hornet]
 33635 | Spider:4 | HP: 38/214 [poisoned by a hornet]
 33641 | Spider:4 | HP: 40/214 [poisoned by a hornet]
 33684 | Spider:4 | XOM: summons 1 hostile demon
 34018 | Spider:4 | XOM: enchant monster (bad)
 34088 | Spider:4 | Reached skill level 12 in Earth Magic
 34092 | Spider:4 | HP: 53/214 [poisoned by an emperor scorpion]
 34097 | Spider:4 | HP: 52/214 [poisoned by an emperor scorpion]
 34102 | Spider:4 | HP: 52/214 [poisoned by an emperor scorpion]
 34108 | Spider:4 | HP: 53/214 [poisoned by an emperor scorpion]
 34316 | Spider:4 | Got a gossamer rune of Zot
 34553 | Lair:5   | XOM: give mutations
 34553 | Lair:5   | Lost mutation: Your mind is very acute. (Int +4) [Xom's mischief]
 34553 | Lair:5   | Lost mutation: You can translocate small distances at will. [Xom's mischief]
 34704 | Shoals:3 | XOM: silly message
 34727 | Shoals:3 | XOM: god gift: 14 stones
 34903 | Shoals:3 | XOM: enchant monster (good)
 34990 | Shoals:3 | XOM: 2-stop teleportation journey
 35005 | Shoals:3 | XOM: 2-stop teleportation journey
 35055 | Shoals:3 | XOM: summons 14 friendly demons
 35077 | Shoals:3 | Reached skill level 13 in Earth Magic
 35370 | Shoals:4 | Entered Level 4 of the Shoals
 35527 | Shoals:3 | XOM: god gift: short runed staff {god gift}
 35568 | Shoals:3 | XOM: divination: detect creatures
 35846 | Shoals:4 | XOM: harmless Air miscast
 35908 | Shoals:4 | Noticed Ilsuiw
 35922 | Shoals:4 | XOM: divination: detect creatures
 36040 | Shoals:4 | XOM: cast spell 'Hydra Form'
 36116 | Shoals:4 | XOM: mild Conj miscast
 36127 | Shoals:4 | Got a twisted cloak
 36128 | Shoals:4 | Identified the +1 cloak of the Equinox {*Drain rElec rN+ Regen+ Int+3} (You found it on level 4 of the Shoals)
 36222 | Shoals:4 | XOM: blink monster(s)
 36236 | Shoals:4 | Reached skill level 16 in Fighting
 36453 | Shoals:4 | XOM: enchant monster (bad)
 36506 | Shoals:4 | XOM: blink monster(s)
 36540 | Shoals:4 | XOM: harmless Tloc miscast
 36542 | Shoals:4 | XOM: god gift: scroll of blinking
 36597 | Shoals:4 | XOM: smoke on damage
 36603 | Shoals:4 | XOM: blink monster(s)
 36612 | Shoals:4 | XOM: chaos cloud
 36619 | Shoals:4 | Killed Ilsuiw
 36626 | Shoals:4 | XOM: cast spell 'Summon Dragon'
 36701 | Shoals:4 | XOM: destruction
 36704 | Shoals:4 | XOM: polymorph merfolk impaler -> fire dragon
 36738 | Shoals:4 | Got a barnacled rune of Zot
 36925 | Shoals:4 | XOM: confuse monster(s)
 36958 | Shoals:4 | Reached skill level 17 in Fighting
 37003 | Shoals:4 | XOM: harmless Erth miscast
 37185 | Vaults:1 | Entered Level 1 of the Vaults
 37196 | Vaults:1 | XOM: potion effect (berserk rage)
 37432 | Vaults:1 | XOM: harmless Trmt miscast
 37457 | Vaults:1 | XOM: potion effect (agility)
 37471 | Vaults:1 | XOM: potion effect (curing)
 37475 | Vaults:1 | Reached skill level 20 in Long Blades
 37484 | Vaults:1 | XOM: divination: detect items
 37497 | Vaults:1 | Reached XP level 19. HP: 175/230 MP: 26/26
 37512 | Vaults:1 | XOM: silly message
 37725 | Vaults:1 | XOM: divination: magic mapping
 37781 | Vaults:1 | XOM: cast spell 'Leda's Liquefaction'
 37784 | Vaults:1 | XOM: silly message
 37808 | Vaults:1 | XOM: divination: detect items
 37817 | Vaults:1 | Reached skill level 15 in Dodging
 37828 | Vaults:1 | HP: 28/230 [ghoul[a death knight] (39)]
 37828 | Vaults:1 | Mangled by a ghoul

Vault maps used:
D:1:      minmay_arrival_stone_box
D:2:      first_bread, hangedman_abyss_or_decor_stabs, dk_vineyard_2,
          bh_walls_and_bars
D:3:      uniq_iyjb
D:4:      portal_sewer_entry_e
D:5:      minmay_temple_entry_statues_pillars, uniq_pikel,
          uniq_crazy_yiuf_cottage
D:6:      amethyst_overflow_temple_binary, serial_shops, nicolae_shop_crystal
D:7:      the_bakery, grunt_ministairs_1, trog_three_pillars_becter,
          uniq_duvessa, uniq_joseph
D:8:      enter_ossuary_4, onia_ninara_dug_in_and_dangerous
D:9:      erik_lair_island, basic_altar
D:10:     serial_shops, kennysheep_little_box, uniq_sonja
D:11:     minmay_orc_entry_temple_small
D:12:     nemelex_deck
D:13:     erik_vaults_1, minmay_misc_feat_hallway
D:14:     minmay_box_of_statues, minmay_crystal_room, basic_altar
D:15:     gammafunk_enter_depths_forms, serial_shops,
          nicolae_shop_competitors_out_of_business, yredelemnul_altar_generic,
          serial_corexii_hall, corexii_hall_statues_i,
          corexii_hall_statues_deadend, corexii_hall_statues_x,
          corexii_hall_statues_l, corexii_hall_statues_l, corexii_hall_statues_s
Lair:1:   basic_altar, grunt_megastairs_5
Lair:2:   beast_lair_carwin_10
Lair:3:   serial_bayou, serial_bayou_pond_a, serial_bayou_lagoon_a,
          serial_bayou_shore_b, serial_bayou_lake_a, serial_bayou_shore_b
Lair:4:   infiniplex_staircase_pool
Lair:5:   minmay_shoals_entry_lonely_mermaid, beast_lair_carwin_6,
          lemuel_fruit_tree
Lair:6:   wad_woods_stonehenge, spider_nest_entry_rubble, slime_altar_1
Lair:7:   beast_lair_carwin_large_2, grunt_megastairs_3
Lair:8:   minmay_lair_end_frog_pond
Shoals:1: uniq_nikola
Shoals:2: lemuel_centaur_altar
Shoals:3: hangedman_shoals_cup_caves
Shoals:4: shoals_end_simple, shoal_ilsuiw
Spider:1: nicolae_spider_hall_of_the_moth_king, nicolae_looking_at_the_future
Spider:2: spider_trap, uniq_asterion
Spider:3: nicolae_spider_cling_halls
Spider:4: spider_rune_water, uniq_aizul
Orc:2:    st_orc_ogre_mass, lightli_church_of_beogh
Vaults:1: v_misc_18, vaults_room_pool, vaults_mumra_lcd,
          vaults_mumra_chevron_long, nicolae_vaults_windows_and_doors_thing,
          vaults_mumra_minichess_inversion, hangedman_vaults_stretched_pinwheel,
          nicolae_vaults_yaktaur_gun_rack, nicolae_vaults_arrows,
          ontoclasm_vaults_eye, grunt_vaults_bifocal, grunt_vaults_diagonal,
          serial_shops, bzr_entry_road
Sewer:    sewer_co_15_rooms
Ossuary:  ossuary_tomb_3

Skill      XL: |  1  2  3  4  5  6  7  8  9 10 11 12 13 14 15 16 17 18 19 |
---------------+----------------------------------------------------------+-----
Long Blades    | 4 5 6 8 9 12 13 16 17 19 20 | 20.1
Dodging        | 7 9 12 14 15 | 15.0
Fighting       | 9 11 13 15 17 | 17.1
Translocations | 7 11 | 11.9
Spellcasting   | 4 |  4.9
Earth Magic    | 9 13 | 13.6

Action                   |  1- 3 |  4- 6 |  7- 9 | 10-12 | 13-15 | 16-18 | 19-21 || total
-------------------------+-------+-------+-------+-------+-------+-------+-------++-------
Melee: Falchion          |   128 |   292 |   316 |   853 |       |       |       ||  1589
       Unarmed           |     6 |       |       |       |     8 |     7 |       ||    21
       Triple sword      |       |       |       |    77 |  1000 |  2058 |    82 ||  3217
       Scimitar          |       |       |       |       |       |    10 |       ||    10
Throw: Throwing net      |       |       |     1 |       |       |     4 |       ||     5
 Abil: Fly               |       |       |       |       |       |     1 |       ||     1
Evoke: Wand              |       |       |     1 |    12 |     1 |     3 |       ||    17
       Sack of spiders   |       |       |       |       |       |     8 |       ||     8
       Box of beasts     |       |       |       |       |       |     4 |       ||     4
       Rod               |       |       |       |       |       |     4 |       ||     4
       Phantom mirror    |       |       |       |       |       |     1 |       ||     1
  Use: Scroll            |       |     5 |     9 |    24 |    11 |    29 |       ||    78
       Potion            |       |     1 |       |     2 |     1 |    22 |     1 ||    27
 Stab: Sleeping          |     1 |     3 |     1 |     1 |     7 |     6 |       ||    19
       Paralysed         |       |     3 |     1 |     5 |     1 |     2 |       ||    12
       Petrifying        |       |       |     3 |     4 |       |     4 |       ||    11
       Confused          |       |       |     1 |     7 |       |     5 |       ||    13
       Petrified         |       |       |     2 |     5 |       |     3 |       ||    10
       Distracted        |       |       |       |     2 |     3 |     9 |       ||    14
       Invisible         |       |       |       |       |     1 |     2 |       ||     3
  Eat: Chunk             |     1 |    11 |     6 |    20 |    27 |    23 |     2 ||    90
       Beef jerky        |       |       |     2 |     2 |     1 |     3 |       ||     8
       Royal jelly       |       |       |       |     2 |       |     1 |       ||     3
       Fruit             |       |       |       |       |       |     4 |       ||     4
       Bread ration      |       |       |       |       |       |     4 |       ||     4
       Pizza             |       |       |       |       |       |     2 |       ||     2

Vault maps used:
D:1:      minmay_arrival_stone_box
D:2:      first_bread, hangedman_abyss_or_decor_stabs, dk_vineyard_2,
          bh_walls_and_bars
D:3:      uniq_iyjb
D:4:      portal_sewer_entry_e
D:5:      minmay_temple_entry_statues_pillars, uniq_pikel,
          uniq_crazy_yiuf_cottage
D:6:      amethyst_overflow_temple_binary, serial_shops, nicolae_shop_crystal
D:7:      the_bakery, grunt_ministairs_1, trog_three_pillars_becter,
          uniq_duvessa, uniq_joseph
D:8:      enter_ossuary_4, onia_ninara_dug_in_and_dangerous
D:9:      erik_lair_island, basic_altar
D:10:     serial_shops, kennysheep_little_box, uniq_sonja
D:11:     minmay_orc_entry_temple_small
D:12:     nemelex_deck
D:13:     erik_vaults_1, minmay_misc_feat_hallway
D:14:     minmay_box_of_statues, minmay_crystal_room, basic_altar
D:15:     gammafunk_enter_depths_forms, serial_shops,
          nicolae_shop_competitors_out_of_business, yredelemnul_altar_generic,
          serial_corexii_hall, corexii_hall_statues_i,
          corexii_hall_statues_deadend, corexii_hall_statues_x,
          corexii_hall_statues_l, corexii_hall_statues_l, corexii_hall_statues_s
Lair:1:   basic_altar, grunt_megastairs_5
Lair:2:   beast_lair_carwin_10
Lair:3:   serial_bayou, serial_bayou_pond_a, serial_bayou_lagoon_a,
          serial_bayou_shore_b, serial_bayou_lake_a, serial_bayou_shore_b
Lair:4:   infiniplex_staircase_pool
Lair:5:   minmay_shoals_entry_lonely_mermaid, beast_lair_carwin_6,
          lemuel_fruit_tree
Lair:6:   wad_woods_stonehenge, spider_nest_entry_rubble, slime_altar_1
Lair:7:   beast_lair_carwin_large_2, grunt_megastairs_3
Lair:8:   minmay_lair_end_frog_pond
Shoals:1: uniq_nikola
Shoals:2: lemuel_centaur_altar
Shoals:3: hangedman_shoals_cup_caves
Shoals:4: shoals_end_simple, shoal_ilsuiw
Spider:1: nicolae_spider_hall_of_the_moth_king, nicolae_looking_at_the_future
Spider:2: spider_trap, uniq_asterion
Spider:3: nicolae_spider_cling_halls
Spider:4: spider_rune_water, uniq_aizul
Orc:2:    st_orc_ogre_mass, lightli_church_of_beogh
Vaults:1: v_misc_18, vaults_room_pool, vaults_mumra_lcd,
          vaults_mumra_chevron_long, nicolae_vaults_windows_and_doors_thing,
          vaults_mumra_minichess_inversion, hangedman_vaults_stretched_pinwheel,
          nicolae_vaults_yaktaur_gun_rack, nicolae_vaults_arrows,
          ontoclasm_vaults_eye, grunt_vaults_bifocal, grunt_vaults_diagonal,
          serial_shops, bzr_entry_road
Sewer:    sewer_co_15_rooms
Ossuary:  ossuary_tomb_3

Table legend:
 A = Turns spent in this place as a percentage of turns spent in the entire game.
 B = Non-inter-level travel turns spent in this place as a percentage of non-inter-level travel turns spent in the entire game.
 C = Inter-level travel turns spent in this place as a percentage of turns spent in this place.
 D = Turns resting spent in this place as a percentage of non-inter-level travel turns spent in this place.
 E = Turns spent auto-exploring this place as a percentage of non-inter-level travel turns spent in this place.
 F = Non-inter-level travel turns spent in this place divided by the number of levels of this place that you've seen.
                   A       B       C       D       E      F
               +-------+-------+-------+-------+-------+----------------------
         Total | 100.0 | 100.0 |   0.5 |   1.5 |   5.8 | 464.7
       Dungeon |  37.6 |  37.5 |   0.6 |   1.0 |   8.0 | 418.7
          Lair |  19.4 |  19.4 |   0.6 |   1.2 |   6.7 | 406.1
        Shoals |  16.3 |  16.3 |   0.3 |   2.6 |   1.5 | 683.0
   Spider Nest |  14.9 |  14.9 |   0.2 |   2.4 |   4.7 | 623.0
  Orcish Mines |   6.8 |   6.8 |   0.5 |   0.8 |   5.5 | 570.5
        Vaults |   2.4 |   2.4 |   0.0 |   1.3 |   3.8 | 398.0
         Sewer |   1.7 |   1.7 |   0.0 |   1.4 |   3.5 | 288.0
       Ossuary |   0.9 |   0.9 |   0.0 |   0.0 |   7.4 | 149.0
               +-------+-------+-------+-------+-------+----------------------

Table legend:
 A = Kills in this place as a percentage of kills in entire the game.
 B = Kills by you in this place as a percentage of kills by you in the entire game.
 C = Kills by friends in this place as a percentage of kills by friends in the entire game.
 D = Other kills in this place as a percentage of other kills in the entire game.
 E = Experience gained in this place as a percentage of experience gained in the entire game.
 F = Experience gained in this place divided by the number of levels of this place that you have seen.
                   A       B       C       D       E      F
               +-------+-------+-------+-------+-------+----------------------
         Total | 100.0 | 100.0 | 100.0 | 100.0 | 100.0 | 9657.6
       Dungeon |  32.7 |  33.4 |  20.3 |  28.6 |  18.0 | 4161.4
          Lair |  26.7 |  26.5 |  33.3 |   0.0 |  20.5 | 8912.5
        Shoals |  10.8 |  10.9 |   7.2 |  14.3 |  23.3 | 20291.8
   Spider Nest |  16.4 |  16.8 |   8.7 |  14.3 |  24.4 | 21177.2
  Orcish Mines |   7.6 |   6.3 |  30.4 |  28.6 |   5.5 | 9599.5
        Vaults |   3.5 |   3.7 |   0.0 |   0.0 |   8.2 | 28637.0
         Sewer |   1.2 |   1.3 |   0.0 |   0.0 |   0.0 |  89.0
       Ossuary |   1.2 |   1.1 |   0.0 |  14.3 |   0.0 | 150.0
               +-------+-------+-------+-------+-------+----------------------
